 Dungeon Crawl Stone Soup version 0.18-a0-1577-gf591c28 (webtiles) character file.

98 dvd the Charmwright (level 4, 0/34 HPs)
             Began as a Merfolk Skald on Mar 20, 2016.
             Was an Initiate of Ashenzari.
             Slain by an orc (5 damage)
             ... on level 3 of the Dungeon.
             The game lasted 00:09:23 (2365 turns).

dvd the Charmwright (Merfolk Skald)                 Turns: 2365, Time: 00:09:24

Health: 0/34       AC:  4    Str: 12    XL:     4   Next: 71%
Magic:  5/7        EV: 13    Int: 12    God:    Ashenzari [......]
Gold:   114        SH:  0    Dex: 13    Spells: 3 memorised, 2 levels left

rFire  . . .     SeeInvis .     a - +0 spear
rCold  . . .     Gourm    +     b - +0 leather armour
rNeg   . . .     Faith    .     (no shield)
rPois  .         Spirit   .     m - +0 helmet (curse)
rElec  .         Dismiss  .     (no cloak)
rCorr  .         Reflect  .     (no gloves)
SustAt .         Harm     .     (no boots)
MR     .....                    p - amulet of the gourmand (curse)
Stlth  +.........               (no ring)
                                (no ring)

@: singing, not resistant to hostile enchantments, very unstealthy
A: change form in water, swift swim
a: Curse Item, Renounce Religion, Stop Singing


You were on level 3 of the Dungeon.
You worshipped Ashenzari.
Ashenzari was noncommittal.
You were full.

You visited 1 branch of the dungeon, and saw 3 of its levels.

You collected 114 gold pieces.

Inventory:

Hand Weapons
 a - a +0 spear (weapon)
 j - a +2 dagger of venom
Armour
 b - a +0 leather armour (worn)
 m - a cursed +0 helmet (worn)
Jewellery
 p - a cursed amulet of the gourmand (around neck)
Scrolls
 e - a scroll of immolation {unknown}
 g - 4 scrolls of identify {unknown}
 h - a scroll of blinking {unknown}
 i - a scroll of fear {unknown}
 n - a scroll of remove curse
 o - a scroll of enchant armour {unknown}
Potions
 f - a potion of curing
 k - a potion of lignification {unknown}
Books
 c - a book of Battle

   Spells                             Type                      Level
   a - Infusion                       Charms                       1
   b - Shroud of Golubria             Charms/Translocation         2
   c - Song of Slaying                Charms                       2
   d - Spectral Weapon                Hexes/Charms                 3
   e - Regeneration                   Charms/Necromancy            3
Comestibles
 d - a bread ration
 l - a meat ration


   Skills:
 + Level 2.3 Fighting
 + Level 3.6 Polearms
 - Level 0.7 Armour
 + Level 3.5 Dodging
 + Level 0.2 Stealth
 + Level 2.3 Spellcasting
 + Level 4.1 Charms
 + Level 0.2 Translocations


You had 2 spell levels left.
You knew the following spells:

 Your Spells              Type           Power        Failure   Level  Hunger
a - Infusion              Chrm           ##..         8%          1    ##.....
b - Song of Slaying       Chrm           ##......     12%         2    ###....
c - Shroud of Golubria    Chrm/Tloc      #.........   24%         2    ###....


Dungeon Overview and Level Annotations

Branches:
Dungeon (3/15)

Altars:
Ashenzari
Fedhas
Yredelemnul
The Shining One


Message History

The orc barely misses you.
You completely miss the orc.
The orc is lightly wounded.
The orc closely misses you. The orc hits you but does no damage.
You hit the orc.
The orc is heavily wounded.
The orc hits you with a hand axe. The orc hits you.
The orc hits you from afar with a trident!
* * * LOW HITPOINT WARNING * * *
The orc hits you but does no damage.
There is an open door here.
A quokka comes into view.
The quokka bites you.
* * * LOW HITPOINT WARNING * * *
Drink which item? (? for menu, Esc to quit)
It was a potion of curing.
You feel better. The quokka barely misses you. The orc barely misses you.
The quokka bites you.
* * * LOW HITPOINT WARNING * * *
You barely miss the quokka. The orc hits you.
You die...

####.......#
#..........#
###..........########
####.)))..o.....'......#
.....#.....o....######.#
####o#...###'#### ####.#
oo##### #.# #....# ##o#
#.######.#### #..
#.ooo@r.....# #.#
#.######.##.# ... #.#.#
#....# ._. #.#.####.####
..#<.......#
#.######.#.# #.. ....#
.. #####


You could see 3 orcs and a quokka.

Vanquished Creatures
  An orc priest (D:3)
  2 adders (D:2)
  A worm (D:2)
  2 dart slugs
  2 orcs (D:3)
  6 giant cockroaches
  5 goblins
  6 hobgoblins
  5 kobolds
  2 bats
  A giant gecko skeleton (D:2)
  2 giant newts (D:2)
  5 rats
40 creatures vanquished.

Notes
Turn   | Place    | Note
--------------------------------------------------------------
     0 | D:1      | dvd the Merfolk Skald began the quest for the Orb.
     0 | D:1      | Reached XP level 1. HP: 16/16 MP: 3/3
   376 | D:1      | Reached XP level 2. HP: 22/22 MP: 1/5
   724 | D:1      | You fall through a shaft!
   865 | D:2      | Found a blossoming altar of Fedhas.
   865 | D:2      | Found a shattered altar of Ashenzari.
   883 | D:2      | Became a worshipper of Ashenzari the Shackled
  1023 | D:2      | Reached XP level 3. HP: 24/28 MP: 2/6
  1051 | D:2      | Found a glowing golden altar of the Shining One.
  1092 | D:2      | HP: 1/28 [hobgoblin/club (5)]
  1120 | D:2      | HP: 1/28 [hobgoblin/club (3)]
  1521 | D:2      | Learned a level 2 spell: Song of Slaying
  1684 | D:2      | Reached skill level 4 in Charms
  1797 | D:2      | Reached XP level 4. HP: 15/34 MP: 0/7
  2148 | D:2      | Learned a level 2 spell: Shroud of Golubria
  2318 | D:3      | Found a basalt altar of Yredelemnul.
  2365 | D:3      | Slain by an orc

Vault maps used:
D:1:      eino_arrival_tree_alley
D:2:      gammafunk_temple_overflow_pools, tso_metal_star
D:3:      kiku_gazebo_garden_becter, nicolae_overflow_crystal_walls,
          uniq_grinder

Skill      XL: |  1  2  3  4 |
---------------+-------------+-----
Dodging        | 2 3 |  3.5
Charms         | 4 |  4.1
Fighting       | |  2.3
Polearms       | |  3.6
Armour         | |  0.7
Stealth        | |  0.2
Spellcasting   | |  2.3
Translocations | |  0.2

Action                   |  1- 3 |  4- 6 || total
-------------------------+-------+-------++-------
Melee: Spear             |   118 |    36 ||   154
 Cast: Infusion          |    17 |     2 ||    19
       Song of Slaying   |     2 |     2 ||     4
       Shroud of Golubri |       |     1 ||     1
  Use: Potion            |       |     1 ||     1
  Eat: Chunk             |     8 |     4 ||    12
